[Event "*** SCC Grand Prix: Titled Tuesday Blitz"]
[Site "Chess.com"]
[Date "2020.09.29"]
[Round "3"]
[White "SergeyKarjakin"]
[Black "Revnov"]
[Result "1-0"]
[WhiteElo "2968"]
[BlackElo "2701"]
[TimeControl "180+1"]
[EndTime "10:28:31 PDT"]
[Termination "SergeyKarjakin won by resignation"]

1. e4 e5 2. Nf3 d6 3. d4 exd4 4.
Qxd4 Nc6 5. Bb5 Ne7 6. Nc3 a6 7. Bxc6+ Nxc6 8. Qd3 Nb4 9. Qe2 Be7 10. Bf4 O-O 11.
O-O-O Re8 12. a3 Nc6 13. Nd5 Be6 14. Rhe1 Bf6 15. Qd3 Bxd5 16. exd5 Ne7 17. g4 Ng6 18.
Bg3 h6 19. Kb1 Qd7 20. h3 Rxe1 21. Rxe1 Re8 22. Rxe8+ Qxe8 23. Ka2 Kf8 24. c4 Ne5 25. Nxe5 Bxe5 26. f4 Bf6 27. Bf2 b6 28. h4 g6 29. g5 hxg5 30. hxg5 Bg7 31. Kb3 a5 32. Bd4 Kg8 33. Bf6 Bxf6 34. gxf6 Qd8 35. Qd4 Qe8 36. Qc3 Qd8 37. c5 dxc5 38. Qe5 b5 39.
Kc3 a4 40. f5 Qd6 41. Qe8+ Qf8 42. Qxb5 gxf5 43. Qxa4 Qd6 44. Qe8+ Qf8 45. Qxf8+ Kxf8 46. Kc4 Ke8 47. Kxc5 Kd7 48. a4 Kc8 49. a5 Kb7 50.
b4 Ka6 51. Kd4 Kb5 52. Ke5 1-0

[Event "*** SCC Grand Prix: Titled Tuesday Blitz"]
[Site "Chess.com"]
[Date "2020.09.29"]
[Round "3"]
[White "LionTheLeon_06"]
[Black "ElusiveCat"]
[Result "1/2-1/2"]
[WhiteElo "2601"]
[BlackElo "2296"]
[TimeControl "180+1"]
[EndTime "10:28:31 PDT"]
[Termination "Game drawn by repetition"]

1. c4 Nf6 2. Nf3 e6 3. b3 a6 4. Bb2 b5 5. e3 bxc4 6. Bxc4 c5 7. O-O Be7 8. d4 cxd4 9. Nxd4 Bb7 10. Nc3 O-O 11. Na4 Nc6 12. Be2 Nxd4 13. Qxd4 Rc8 14.
Rfd1 d5 15. Rac1 Rxc1 16. Rxc1 Bd6 17. Qa7 Qb8 18. Qxb8 Rxb8 19. Bd4 Nd7 20. f4 Rc8 21.
Rxc8+ Bxc8 22. Kf2 f6 23. g4 Kf7 24. h4 Bb7 25. g5 e5 26. Bc3 exf4 27. exf4 Bxf4 28. gxf6 gxf6 29. Bh5+ Ke7 30. Bd4 Be5 31. Ke3 Bg3 32. Bg4 Bxh4 33. Bf5 Bg5+ 34. Kf3 h5 35. Kg3 Ne5 36.
Nc5 Bc6 37. Nxa6 Nd7 38. Nb4 Bb7 39. a4 Kd6 40. a5 Nc5 41. Bc2 Na6 42. Nd3 h4+ 43.
Kh2 Bc8 44. b4 Kc6 45. Ba4+ Kb7 46. b5 Nb8 47. Nc5+ Ka8 48. b6 Bb7 49. Bb5 Bf4+ 50.
Kh3 Bg3 51. a6 Bc8+ 52. Nd7 Nxd7 53. Bxd7 Bxa6 54. Kg2 Bb7 55. Kf3 Kb8 56. Kg4 Bc8 57. Bxc8 Kxc8 58. Bxf6 Kb7 59. Bd4 Kc6 60. Kh3 Kb7 61.
Kg4 Be1 62. Be3 Ba5 63. Kxh4 Bxb6 64. Bd2 Kc6 65. Kg4 Kb5 66. Kf3 Kc4 67. Ke2 d4 68.
Kd1 d3 69. Bg5 Bd4 70. Bh4 Bc3 71. Bg5 Bd4 72. Bh4 Kd5 73. Bg3 Ke4 74. Bh4 Be3 75.
Bd8 Bf4 76. Be7 Be5 77. Bd8 Bd4 78. Be7 Be3 79. Bd8 Bf4 80. Be7 Be5 81. Bd8 Bd4 82. Be7 Be3 83. Bd8 1/2-1/2

[Event "*** SCC Grand Prix: Titled Tuesday Blitz"]
[Site "Chess.com"]
[Date "2020.09.29"]
[Round "3"]
[White "sergeikim"]
[Black "anon569"]
[Result "0-1"]
[WhiteElo "2412"]
[BlackElo "2243"]
[TimeControl "180+1"]
[EndTime "10:28:31 PDT"]
[Termination "anon569 won on time"]

1. d4 Nf6 2. c4 e6 3. Nc3 Bb4 4. Qc2 O-O 5. a3 Bxc3+ 6. Qxc3 b6 7. Nf3 Bb7 8. g3 c5 9. dxc5 bxc5 10. Bg2 Qc7 11. O-O Nc6 12. b3 d6 13. Bb2 e5 14.
e3 Ne7 15. Rfd1 Rfd8 16. Qc2 Be4 17. Qc3 Qb7 18. Ne1 Nc6 19. f3 Bg6 20. Nc2 Rab8 21. b4 Bxc2 22. Qxc2 cxb4 23. axb4 Nxb4 24. Qf5 Qb6 25.
Bc1 Qc5 26. f4 a6 27. Bd2 Qxc4 28. Rac1 Qb5 29. Bc3 Na2 30. Rb1 Qc5 31. Bd2 Nc3 32. Rxb8 Rxb8 33. Re1 Rb2 34. Bxc3 Qxc3 35. Rf1 h6 36.
fxe5 Qxe3+ 37. Kh1 dxe5 38. Qc8+ Kh7 39. Qc1 Qe2 40.
Rg1 Ng4 41. h3 Nf2+ 42. Kh2 Nd3 43. Qd1 Qe3 44. Qf1 Rf2 45. Qb1 e4 46. Qb8 h5 0-1

[Event "*** SCC Grand Prix: Titled Tuesday Blitz"]
[Site "Chess.com"]
[Date "2020.09.29"]
[Round "3"]
[White "AntonovaNadezhda"]
[Black "malakismayil"]
[Result "0-1"]
[WhiteElo "2062"]
[BlackElo "2328"]
[TimeControl "180+1"]
[EndTime "10:28:31 PDT"]
[Termination "malakismayil won on time"]

1. Nf3 Nf6 2. d4 e6 3. e3 d5 4. Nbd2 Be7 5. Bd3 O-O 6. b3 c5 7. Bb2 b6 8. O-O Bb7 9. Ne5 Nbd7 10. f4 Ne4 11. a3 f6 12. Nxd7 Qxd7 13. Bxe4 dxe4 14.
c4 cxd4 15. Bxd4 Bc5 16. Bxc5 bxc5 17. b4 Rac8 18. b5 Qd3 19. Qe1 Rfd8 20. Rf2 a6 21. a4 axb5 22. axb5 Ra8 23. Rxa8 Rxa8 24. Qb1 Qc3 25.
Nxe4 Qa1 26. Nd2 Qc3 27. Nf1 Qxc4 28. Qb2 Qe4 29. Qc2 Qb4 30. Qb2 Qc4 31. Rc2 Qd5 32. b6 Rc8 33. h3 c4 34. Qd4 Qxd4 35. exd4 c3 36. Ne3 Be4 37. Rc1 c2 38. Kf2 Kf8 39.
Ke2 Ke7 40. Kd2 Rb8 41. g3 Rxb6 42. Nxc2 Rb2 43. Kc3 Rxc2+ 44. Rxc2 Bxc2 45. Kxc2 Kd6 46. Kd3 Kd5 47. Ke3 f5 48. Kd3 h5 49. Ke3 Kc4 0-1

[Event "*** SCC Grand Prix: Titled Tuesday Blitz"]
[Site "Chess.com"]
[Date "2020.09.29"]
[Round "3"]
[White "Brave_spirit12"]
[Black "Gajuchess"]
[Result "1/2-1/2"]
[WhiteElo "2444"]
[BlackElo "2801"]
[TimeControl "180+1"]
[EndTime "10:28:32 PDT"]
[Termination "Game drawn - insufficient material"]

1. e4 g6 2. d4 Bg7 3. Nc3 d6 4. Bf4 a6 5. Qd2 b5 6. a3 Bb7 7. f3 Nd7 8. O-O-O c5 9. Nge2 cxd4 10. Nxd4 Bxd4 11. Qxd4 e5 12. Qxd6 exf4 13. Nxb5 axb5 14.
Bxb5 Nf6 15. e5 Nd5 16. e6 fxe6 17. Qxe6+ Kf8 18. Bxd7 Ne3 19. Bb5 Nxd1 20. Rxd1 Qe7 21. Qxe7+ Kxe7 22. Rd7+ Kf6 23. Rxb7 g5 24. Bc6 h5 25.
Be4 Rad8 26. a4 g4 27. a5 gxf3 28. Bxf3 Rhe8 29. b3 h4 30. a6 h3 31. a7 hxg2 32.
Bxg2 Rf8 33. Rb6+ Ke5 34. a8=Q Rxa8 35. Bxa8 Rxa8 36. Kd2 Rh8 37. Rb5+ Ke4 38. Rb4+ Kf3 39. Kd3 Rxh2 40. Rb7 Rh1 41. Rf7 Rd1+ 42. Kc4 Ke3 43. c3 f3 44. b4 f2 45. b5 Rd6 46. Kc5 Rd3 47. c4 Ke2 48. Rxf2+ Kxf2 49. Kc6 Ke3 50. b6 Kd4 51. b7 Rb3 52. c5 Kc4 53. Kc7 Kxc5 54.
b8=Q Rxb8 55. Kxb8 1/2-1/2

[Event "*** SCC Grand Prix: Titled Tuesday Blitz"]
[Site "Chess.com"]
[Date "2020.09.29"]
[Round "3"]
[White "xamax2000"]
[Black "Thee-Chessboy"]
[Result "1-0"]
[WhiteElo "2703"]
[BlackElo "2426"]
[TimeControl "180+1"]
[EndTime "10:28:34 PDT"]
[Termination "xamax2000 won by resignation"]

1. d4 Nf6 2. c4 g6 3. Nc3 Bg7 4. e4 d6 5. h3 O-O 6. Be3 c5 7. Nf3 cxd4 8. Nxd4 Nc6 9. Be2 Bd7 10. O-O Nxd4 11.
Bxd4 Bc6 12. Qc2 Nd7 13. Bxg7 Kxg7 14. b4 b6 15. f4 a5 16. a3 Qc7 17. Qb2 Kg8 18.
Rac1 axb4 19. axb4 Qa7 20. Ra1 Qc7 21. Bd3 Nf6 22.
Rae1 Nd7 23. Rf2 e6 24. Bf1 Rfd8 25. Rd2 Nf6 26. Bd3 Nh5 27. Rf2 e5 28. fxe5 dxe5 29.
Nd5 Bxd5 30. exd5 Re8 31. Qc3 Rac8 32. Bf1 Nf4 33. Qe3 f5 34. Rc1 Nxd5 35. Qb3 Nf6 36. c5+ Kg7 37. c6 Ne4 38. Rfc2 Rcd8 39. Qe3 Rd4 40. b5 Red8 41. Qe1 f4 42. Re2 Ng3 43. Rxe5 Kf6 44. Re6+ Kg5 45. Re7 Qd6 46.
c7 Rc8 47. Rxh7 Re4 48. Qf2 Re3 49. Rc6 Qd4 50. Rg7 Nf5 51. Rgxg6+ Kh5 52. g4+ fxg3 53.
Qxf5+ 1-0

[Event "*** SCC Grand Prix: Titled Tuesday Blitz"]
[Site "Chess.com"]
[Date "2020.09.29"]
[Round "3"]
[White "Kumi29"]
[Black "blitzking1729"]
[Result "1/2-1/2"]
[WhiteElo "2371"]
[BlackElo "2541"]
[TimeControl "180+1"]
[EndTime "10:28:34 PDT"]
[Termination "Game drawn by stalemate"]

1. d4 e6 2. e4 d5 3. exd5 exd5 4. Nf3 Bd6 5. c4 dxc4 6. Bxc4 Nf6 7. O-O O-O 8. Nc3 c6 9. Bg5 Bg4 10. Re1 Nbd7 11.
h3 Bh5 12. g4 Bg6 13. Ne5 Qc7 14. f4 Nb6 15. f5 Bxe5 16. dxe5 Nxc4 17. Qd4 Bxf5 18.
gxf5 Nb6 19. Qh4 Nfd5 20. f6 Nxc3 21. fxg7 Rfe8 22. bxc3 Rxe5 23. Bf6 Rxe1+ 24. Rxe1 Nd5 25. Be5 Qb6+ 26. Kh1 Qd8 27. Qh6 Qd7 28. Rf1 Re8 29.
Bd4 b6 30. c4 Ne7 31. Qf6 Ng6 32. Kg2 c5 33. Bc3 Qe6 34. Qxe6 fxe6 35. Rd1 e5 36. Rd7 Re7 37. Rxe7 Nxe7 38. Bxe5 Nf5 39. Kf3 Nxg7 40. Bxg7 Kxg7 41. Ke4 Kf6 42. Kd5 Kf5 43. Kc6 Ke4 44.
Kb7 Kd4 45. Kxa7 Kxc4 46. Kxb6 Kb4 47. a4 c4 48. a5 c3 49. a6 c2 50. a7 c1=Q 51.
a8=Q Qc5+ 52. Kb7 Qd5+ 53. Kb8 Qxa8+ 54. Kxa8 Kc5 55. Kb7 h5 56. h4 Kd4 57. Kc6 Ke4 58. Kc5 Kf4 59. Kd4 Kg4 60. Ke3 Kxh4 61. Kf2 Kg4 62.
Kg1 h4 63. Kh1 h3 64. Kg1 Kg3 65. Kh1 h2 1/2-1/2

[Event "*** SCC Grand Prix: Titled Tuesday Blitz"]
[Site "Chess.com"]
[Date "2020.09.29"]
[Round "3"]
[White "Snegokhod"]
[Black "QuintilianoR"]
[Result "1/2-1/2"]
[WhiteElo "2408"]
[BlackElo "2617"]
[TimeControl "180+1"]
[EndTime "10:28:35 PDT"]
[Termination "Game drawn by repetition"]

1. e4 c5 2. Nf3 d6 3. d4 cxd4 4. Qxd4 Nc6 5. Bb5 Bd7 6. Bxc6 Bxc6 7. Nc3 Nf6 8. Bg5 e6 9. O-O-O Be7 10. Rhe1 O-O 11. Qd2 Rc8 12. Nd4 a6 13. f3 Qc7 14. h4 Rfd8 15. g4 b5 16. Kb1 Bb7 17. Nce2 Re8 18. Ng3 d5 19. e5 Nd7 20. Bxe7 Rxe7 21. f4 Rce8 22. g5 Nb6 23. b3 Rc8 24.
Re3 Nd7 25. Kb2 Nc5 26. Rc3 b4 27. Re3 Qb6 28. Ka1 a5 29. c3 Rec7 30. cxb4 axb4 31.
f5 Ne4 32. Nxe4 dxe4 33. f6 Rc3 34. h5 Bd5 35. g6 hxg6 36. fxg7 Kxg7 37. h6+ Kh7 38.
Qf2 Qc7 39. Rxc3 Qxc3+ 40. Kb1 Qc7 41. Qf6 Rg8 42. Rf1 e3 43. Qxf7+ Qxf7 44. Rxf7+ Kxh6 45. Rf1 Rc8 46. Re1 Be4+ 47. Kb2 Rc3 48. a4 Rd3 49.
Nb5 Rd2+ 50. Kc1 Rd3 51. Kb2 Kg5 52. a5 Kf4 53. a6 Kxe5 54. a7 Rd2+ 55. Ka1 Rc2 56.
Rxe3 Rc1+ 57. Kb2 Rc2+ 58. Ka1 Rc1+ 59. Kb2 Rc2+ 60. Ka1 1/2-1/2

[Event "*** SCC Grand Prix: Titled Tuesday Blitz"]
[Site "Chess.com"]
[Date "2020.09.29"]
[Round "3"]
[White "chigorin28"]
[Black "BAS8892"]
[Result "0-1"]
[WhiteElo "2423"]
[BlackElo "2668"]
[TimeControl "180+1"]
[EndTime "10:28:36 PDT"]
[Termination "BAS8892 won by resignation"]

1. d4 d5 2. Nf3 Nf6 3. Bf4 e6 4. e3 Bd6 5. c3 O-O 6. Ne5 c5 7. Nd2 Qc7 8. h3 Nfd7 9. Ndf3 f6 10. Nxd7 Bxd7 11. Bxd6 Qxd6 12. Be2 Nc6 13. O-O e5 14. dxe5 fxe5 15. c4 d4 16. exd4 exd4 17. Bd3 h6 18. Re1 Rf6 19. Be4 Raf8 20. Bd5+ Kh8 21. Qd2 b6 22.
Re2 Ne7 23. Be4 Ng6 24. Bxg6 Rxg6 25. Ne5 Rgf6 26. Rae1 Bf5 27. Nd3 Rg6 28. Kh1 Qc6 29. f3 Rgf6 30. Ne5 Qd6 31. b3 Bh7 32. Ng4 Rf4 33.
Re6 Qd8 34. Re7 R4f7 35. Rxf7 Rxf7 36. Ne5 Rf8 37. Ng4 a6 38. Re5 Qd6 39. Rd5 Qe7 40. Qf2 Bf5 41. Re5 Qc7 42. Re1 d3 43. Qd2 b5 44.
Nf2 Rd8 45. Ne4 bxc4 46. bxc4 Qe5 47. Nc3 Qd4 48. Nd5 Qxc4 49. Ne3 Qf4 50. Nf1 Qxd2 51. Nxd2 Rc8 52. Re5 Bg6 53. Nc4 Rc6 54. Rd5 Bf7 55. Rd8+ Bg8 56. Ne5 Re6 57. Nxd3 c4 58. Nf4 Rf6 59.
Ne2 Kh7 60. Nc3 Re6 61. Ne4 Rb6 62. Nc3 Rb2 63. Kh2 Rc2 64. Ne4 Be6 65. Rc8 Bxc8 0-1

[Event "*** SCC Grand Prix: Titled Tuesday Blitz"]
[Site "Chess.com"]
[Date "2020.09.29"]
[Round "3"]
[White "manitodeplomo"]
[Black "Sankalp_Gupta2003"]
[Result "1-0"]
[WhiteElo "2584"]
[BlackElo "2766"]
[TimeControl "180+1"]
[EndTime "10:28:39 PDT"]
[Termination "manitodeplomo won by checkmate"]

1. d4 Nf6 2. c4 e6 3. Nf3 d5 4.
Nc3 a6 5. c5 b6 6. cxb6 cxb6 7.
Bf4 Bb7 8. e3 Be7 9. Be2 O-O 10.
O-O Nbd7 11. Qb3 b5 12. Rfc1 Nb6 13. a4 b4 14. a5 Nc4 15. Nd1 Nxa5 16. Qa4 Nc4 17.
b3 Nb6 18. Qa5 Nbd7 19. Bc7 Qe8 20. Nb2 Ne4 21. Na4 Ndf6 22. Nb6 Ra7 23. Bb5 axb5 24. Qxa7 Bc6 25. Ne5 Nc3 26. Kf1 Nfe4 27. Rc2 f6 28.
Nd3 Qh5 29. Bf4 Bd6 30. Bxd6 Nxd6 31. Qe7 Qxh2 32. Qxe6+ Kh8 33. Qh3 Qxh3 34. gxh3 Rb8 35. Ra6 Bb7 36. Ra7 Kg8 37. Nc5 Kf7 38. Na6 Rd8 39.
Nc5 Rb8 40. Nbd7 Rd8 41. Nxb7 Rxd7 42. Nxd6+ Ke6 43. Rxd7 Kxd7 44. Nf5 g6 45. Ng3 Kd6 46.
Ne2 Ne4 47. f3 Ng5 48. Kg2 Kd7 49. h4 Ne6 50. Nf4 Nxf4+ 51. exf4 Kd6 52. Rc5 Ke6 53. Rxb5 Kf5 54. Kg3 g5 55. hxg5 Kg6 56. gxf6 Kh5 57. Rxd5+ Kh6 58. f7 Kg6 59. f8=Q h5 60. Rd7 h4+ 61. Kf2 Kh5 62. Rg7 h3 63. Qh8# 1-0

[Event "*** SCC Grand Prix: Titled Tuesday Blitz"]
[Site "Chess.com"]
[Date "2020.09.29"]
[Round "3"]
[White "Arkady_Gitelson"]
[Black "Gordima"]
[Result "1-0"]
[WhiteElo "2579"]
[BlackElo "2834"]
[TimeControl "180+1"]
[EndTime "10:28:39 PDT"]
[Termination "Arkady_Gitelson won on time"]

1. e4 e5 2. Nf3 Nf6 3. Nxe5 d6 4.
Nc4 Nxe4 5. Nc3 Nxc3 6. bxc3 g6 7.
d4 Bg7 8. Bd3 O-O 9. O-O b6 10.
Qf3 d5 11. Ne3 Bb7 12. a4 a6 13. Ba3 Re8 14. a5 b5 15. Rfd1 Nd7 16. Nf1 Nf6 17.
Nd2 Ne4 18. Bb4 f5 19. Nb3 Qf6 20. Re1 Rad8 21. Nc5 Bc8 22. Qf4 Qf7 23. f3 Nd6 24. Qd2 f4 25. Rxe8+ Rxe8 26. Re1 g5 27. Nb3 Nf5 28.
Bxf5 Bxf5 29. Nc5 Bc8 30. Nd3 Re6 31. Nc5 Rg6 32. Nd3 Re6 33. Nc5 Re8 34. Nd3 h6 35.
Ne5 Qe6 36. Bc5 h5 37. Kf2 Qf5 38. Nd3 Re6 39. Rxe6 Bxe6 40. Qe2 Bf6 41. g3 fxg3+ 42. hxg3 Qh3 43. Qe1 Kf7 44. Qg1 Qf5 45. Qe1 Kg7 46.
Qg1 g4 47. f4 Qe4 48. Qe1 Qf3+ 49. Kg1 Bf5 50. Qf2 Qd1+ 51. Ne1 Be4 52. f5 h4 53. gxh4 Kh7 54. h5 Bg5 55. f6 Bf3 56. f7 g3 57. Qxf3 1-0

[Event "*** SCC Grand Prix: Titled Tuesday Blitz"]
[Site "Chess.com"]
[Date "2020.09.29"]
[Round "3"]
[White "DanielTitichoca"]
[Black "Xtrmntr78"]
[Result "0-1"]
[WhiteElo "2372"]
[BlackElo "2575"]
[TimeControl "180+1"]
[EndTime "10:28:39 PDT"]
[Termination "Xtrmntr78 won on time"]

1. e4 e5 2. Nf3 d5 3. d3 Bd6 4. exd5 f5 5. g3 Nf6 6. Bg2 O-O 7. O-O c6 8. dxc6 Nxc6 9. Nc3 h6 10. d4 e4 11. Nh4 Kh7 12. f3 Qb6 13. fxe4 Qxd4+ 14. Kh1 Qxd1 15. Rxd1 Be5 16. Nxf5 Ng4 17. Rf1 Nb4 18. Bf4 Nxc2 19. Bxe5 Bxf5 20. exf5 Nxa1 21. Bc7 Nc2 22. Bxb7 Rae8 23. Be4 Nce3 24. Rf3 Kh8 25. h3 Nxf5 26. Rxf5 Rxf5 27. Bxf5 Ne3 28. Bd3 Re7 29. Bf4 g5 30.
Bd6 Rd7 31. Be5+ Kg8 32. Bc4+ Nxc4 33. Ne4 Nxe5 34. Nf6+ Kf7 35. Nxd7 Nxd7 36. Kg2 Ne5 37. Kf2 Nd3+ 38. Ke3 Nxb2 39. Kd4 Ke6 40. Kc5 a5 41. Kb5 a4 42. Kb4 Kd5 43. Ka3 Nd3 44. Kxa4 Nf2 45.
h4 g4 46. Kb5 Ne4 47. a4 Nxg3 48. a5 Nf5 49. a6 Nd4+ 50. Kb6 Nc6 51. a7 Nxa7 52.
Kxa7 g3 53. Kb6 g2 0-1

[Event "*** SCC Grand Prix: Titled Tuesday Blitz"]
[Site "Chess.com"]
[Date "2020.09.29"]
[Round "3"]
[White "Ermito2020"]
[Black "Msb2"]
[Result "0-1"]
[WhiteElo "2674"]
[BlackElo "2915"]
[TimeControl "180+1"]
[EndTime "10:28:40 PDT"]
[Termination "Msb2 won on time"]

1. e4 e6 2. d4 d5 3. Nc3 Nf6 4. e5 Nfd7 5. f4 c5 6. Nf3 Nc6 7. Be3 a6 8. Be2 b5 9. Qd2 Be7 10. dxc5 Nxc5 11. Nd4 Qc7 12. O-O O-O 13. a3 Ne4 14.
Nxe4 dxe4 15. Qc3 Bb7 16. Nxc6 Bxc6 17. Bc5 Bd5 18. Bxe7 Qxe7 19. Qe3 f6 20. exf6 Rxf6 21. c3 Raf8 22. g3 e5 23. fxe5 Qxe5 24. Rxf6 Rxf6 25. Rf1 Rxf1+ 26. Bxf1 h5 27. Kf2 Qf6+ 28. Qf4 Qb6+ 29.
Qe3 Qe6 30. h4 Bc4 31. Be2 Bxe2 32. Kxe2 Qb3 33. Qd2 Qf7 34. Qe3 Qc4+ 35. Kd2 Qb3 36. Kc1 Qd5 37. Qd2 Qf5 38. Qf4 Qd5 39. Qe3 Kf7 40.
Qa7+ Kf6 41. Qxa6+ Ke5 42. Qb6 Kf5 43. Qe3 Kg4 44.
Kc2 Kh3 45. b3 g6 46. a4 bxa4 47. bxa4 Qa2+ 48. Kc1 Qa1+ 49. Kc2 Qxa4+ 50. Kb2 Qb5+ 51. Kc2 Qe5 52. c4 Qxg3 53. Qxg3+ Kxg3 54. c5 e3 55. c6 e2 56. c7 e1=Q 57. c8=Q Qe4+ 58. Kd2 Qxh4 59.
Qc6 Qf4+ 60. Ke2 Qf2+ 61. Kd3 Qf3+ 0-1

[Event "*** SCC Grand Prix: Titled Tuesday Blitz"]
[Site "Chess.com"]
[Date "2020.09.29"]
[Round "3"]
[White "MatyChess1"]
[Black "josorio78"]
[Result "0-1"]
[WhiteElo "2510"]
[BlackElo "2331"]
[TimeControl "180+1"]
[EndTime "10:28:40 PDT"]
[Termination "josorio78 won on time"]

1. e4 c5 2. Nf3 d6 3. Nc3 a6 4. g3 g6 5. d4 Bg7 6. dxc5 dxc5 7.
Qxd8+ Kxd8 8. Be3 Nd7 9. O-O-O Ke8 10. Nd5 Rb8 11. Bxc5 Bxb2+ 12. Kxb2 Nxc5 13. Bg2 Nf6 14. Rhe1 Be6 15. Nc7+ Kf8 16. Nd4 Bc4 17. Nd5 Ng4 18.
h3 Nxf2 19. Rd2 Nfxe4 20. Bxe4 Nxe4 21. Rxe4 Bxd5 22. Re3 e6 23. Rf2 Kg7 24. Ne2 b5 25. Nf4 Rbd8 26. Rd2 Rd6 27. Red3 Rhd8 28. a4 bxa4 29.
c4 g5 30. Ne2 Bxc4 31. Rxd6 Rxd6 32. Rxd6 Bxe2 33. Rd4 Bb5 34. Kc1 f5 35. Kd2 h5 36.
Ke3 Kf6 37. Rd1 Ke5 38. Re1 Kd5 39. Rc1 Ke5 40. h4 f4+ 41. gxf4+ gxf4+ 42. Kf3 Kf5 43. Rg1 Bc6+ 44. Kf2 a3 45. Ra1 Kg4 46. Rxa3 Bb5 47. Ra1 Kxh4 48. Kf3 e5 49. Re1 Bc6+ 50. Kf2 e4 51. Rc1 e3+ 52. Ke2 Bb5+ 53. Ke1 Kg3 54. Rc8 f3 0-1

[Event "*** SCC Grand Prix: Titled Tuesday Blitz"]
[Site "Chess.com"]
[Date "2020.09.29"]
[Round "3"]
[White "ExtremeLearner"]
[Black "StellarChessPro"]
[Result "1-0"]
[WhiteElo "2300"]
[BlackElo "2491"]
[TimeControl "180+1"]
[EndTime "10:28:40 PDT"]
[Termination "ExtremeLearner won by resignation"]

1. d4 g6 2. Nf3 Bg7 3. g3 d6 4. Bg2 Nf6 5. O-O O-O 6. b3 Nbd7 7. Bb2 Re8 8. Nbd2 c6 9. e4 e5 10. Re1 Qe7 11. Nc4 Rd8 12. dxe5 Nxe5 13. Nfxe5 dxe5 14. Qe2 Nd7 15. Rad1 f6 16. Ba3 c5 17. h4 b6 18. Ne3 Bb7 19. Nd5 Bxd5 20. Rxd5 Nf8 21.
c4 Ne6 22. Bb2 Nd4 23. Bxd4 cxd4 24. h5 g5 25. Qg4 Bf8 26. f4 h6 27. fxe5 fxe5 28. Qf5 Bg7 29. Bh3 Rf8 30. Rd7 Rxf5 31. Rxe7 Rf3 32. Kg2 Rf6 33. Bf5 Rd6 34. Kf3 a5 35. a3 Bf8 36. Rb7 d3 37. Ke3 Rad8 38. Kd2 Rd4 39. Be6+ Kh8 40. Rf1 R4d6 41. Bd5 Bg7 42.
Rff7 Rxd5 43. cxd5 Bf8 44. Kxd3 Bxa3 45. Rh7+ Kg8 46.
Rbg7+ Kf8 47. Rb7 Kg8 48. Rhg7+ Kf8 49. Rg6 Bb4 50. Rxh6 Kg8 51. Rg6+ Kf8 52. Rxg5 Rc8 53. Rf5+ Kg8 54. Rxe5 Rc3+ 55. Ke2 Kf8 56. Rf5+ Kg8 57. Rff7 Rxg3 58. h6 Rg2+ 59. Kf3 Rg6 60. h7+ 1-0

[Event "*** SCC Grand Prix: Titled Tuesday Blitz"]
[Site "Chess.com"]
[Date "2020.09.29"]
[Round "3"]
[White "liczner"]
[Black "LogoCzar"]
[Result "1-0"]
[WhiteElo "2666"]
[BlackElo "2419"]
[TimeControl "180+1"]
[EndTime "10:28:42 PDT"]
[Termination "liczner won on time"]

1. e4 e5 2. Nf3 Nc6 3. Bb5 Nf6 4. O-O Nxe4 5. Re1 Nd6 6. Nxe5 Be7 7. Bf1 Nxe5 8.
Rxe5 O-O 9. d4 Ne8 10. d5 Bc5 11. Nd2 d6 12. Re2 Bg4 13. Nf3 Bxf3 14. gxf3 Qh4 15. Qd2 Nf6 16. c4 Rfe8 17. Qg5 Qxg5+ 18. Bxg5 Rxe2 19.
Bxe2 Re8 20. Kf1 Bd4 21. Rd1 h6 22. Bf4 Be5 23. Be3 b6 24. b4 g5 25. h3 Nh5 26.
Bd3 Bf4 27. Bd4 Be5 28. Be3 Kg7 29. Bf5 Kf6 30. Bd7 Re7 31. Bg4 Nf4 32. c5 Kg6 33.
Bc8 f5 34. Bxf4 Bxf4 35. cxb6 cxb6 36. Rd3 Rc7 37. Be6 Rc1+ 38. Kg2 Rb1 39. Ra3 Rxb4 40.
Rxa7 Rb2 41. Kf1 Kh5 42. Bxf5 Be5 43. Rh7 Bd4 44. Ke1 Rxf2 45. Bg4+ Kg6 46. Rd7 Bc5 47. Re7 Rxa2 48. Re6+ Kg7 49. Bh5 b5 50. Rg6+ Kh7 51. Re6 b4 52. Re7+ Kg8 53. Rb7 Ra3 54.
Kd2 b3 55. Kc3 Kf8 56. Bg4 Ke8 57. Be6 Kd8 58. Kc4 1-0

[Event "*** SCC Grand Prix: Titled Tuesday Blitz"]
[Site "Chess.com"]
[Date "2020.09.29"]
[Round "3"]
[White "Chessbard1972"]
[Black "Iball95"]
[Result "0-1"]
[WhiteElo "2291"]
[BlackElo "2695"]
[TimeControl "180+1"]
[EndTime "10:28:43 PDT"]
[Termination "Iball95 won by checkmate"]

1. d4 Nf6 2. Nf3 d5 3. c4 c6 4. Nc3 a6 5. e3 b5 6. b3 Bg4 7. h3 Bxf3 8. gxf3 e6 9. Bd2 Nbd7 10.
f4 Bb4 11. Bd3 Qa5 12. Qc2 bxc4 13. bxc4 O-O 14. a3 Bxc3 15. Bxc3 Qc7 16. c5 Rfb8 17. O-O a5 18. a4 g6 19. Rfb1 Nh5 20. Be2 Ng7 21.
Ra2 Rxb1+ 22. Qxb1 Rb8 23. Rb2 Rxb2 24. Qxb2 f6 25.
Qd2 g5 26. fxg5 fxg5 27. Bxa5 Qa7 28. Bd1 e5 29. Bd8 Ne6 30. Be7 exd4 31. exd4 h6 32. Bg4 Nf4 33. a5 Kf7 34. Bd6 Nf6 35. Bxf4 gxf4 36.
Qxf4 Qxa5 37. Qxh6 Qe1+ 38. Kg2 Qe4+ 39. f3 Qxd4 40.
Bh5+ Ke6 41. Bg4+ Kf7 42. Qc1 Qe5 43. Qd2 d4 44. f4 Qxc5 45. Qa2+ Nd5 46. Bf3 d3 47.
Bxd5+ cxd5 48. Kf3 Qc4 49. Qa7+ Ke6 50. Qb6+ Kf5 51.
Qd6 Qe4+ 52. Kg3 Qe3+ 53. Kg2 Qe2+ 54. Kg3 Qe3+ 55. Kg2 Qe4+ 56. Kg3 d2 57. Qd7+ Kf6 58. Qd8+ Kg7 59. Qd7+ Kh6 60. Qd6+ Qg6+ 61. Qxg6+ Kxg6 62.
f5+ Kxf5 63. h4 d1=Q 64. h5 Qd3+ 65. Kh4 Qf3 66. h6 Qg4# 0-1

[Event "*** SCC Grand Prix: Titled Tuesday Blitz"]
[Site "Chess.com"]
[Date "2020.09.29"]
[Round "3"]
[White "DenisQ"]
[Black "Kira170"]
[Result "1/2-1/2"]
[WhiteElo "2616"]
[BlackElo "2789"]
[TimeControl "180+1"]
[EndTime "10:28:44 PDT"]
[Termination "Game drawn - insufficient material"]

1. Nf3 Nf6 2. c4 e6 3. g3 d5 4.
Bg2 g6 5. O-O Bg7 6. d4 O-O 7. Nc3 c6 8. Ne5 Nbd7 9. Nxd7 Nxd7 10.
Qd3 dxc4 11. Qxc4 Nb6 12. Qb3 Qxd4 13. Be3 Qe5 14. Rfd1 Nd5 15. Bd4 Qg5 16. Ne4 Qh6 17. Nd6 e5 18. Bxd5 cxd5 19. Be3 Qh5 20. Nxc8 Raxc8 21. Rxd5 Qxe2 22. Qxb7 Rc2 23. Qxa7 Rxb2 24. a4 Rfb8 25.
Rad1 Bf8 26. Qd7 R2b7 27. Qc6 Qf3 28. Rd6 Qe2 29. Rd7 Rb1 30. Qd5 Rxd1+ 31. Qxd1 Qc4 32. Qd5 Rb1+ 33. Kg2 Qf1+ 34. Kf3 Qh1+ 35. Kg4 Rb4+ 36. f4 Qxd5 37. Rxd5 exf4 38. Bxf4 Rxa4 39. h4 f5+ 40. Kf3 Re4 41. Rd7 Re7 42. Rxe7 Bxe7 43. Be5 Kf7 44.
Bd4 Ke6 45. Bc3 Kd5 46. Bb2 Bd6 47. Bc3 Be5 48. Bd2 Ke6 49. Be3 Bf6 50. Bd2 Be5 51. Be3 Bd6 52. Bd2 Be7 53. Be3 Bf6 54. Bd2 Kf7 55.
Be3 Be7 56. Bd2 Bf8 57. Be3 Bg7 58. Bd2 Bf6 59. Be3 Be5 60. g4 Ke6 61. h5 Kd5 62. hxg6 hxg6 63. gxf5 gxf5 64. Bg5 Kc4 65. Bh4 Kd3 66. Bg5 Bd6 67. Bf4 Bc5 68. Be5 Be3 69. Bf4 Bxf4 70. Kxf4 Kd4 71. Kxf5 1/2-1/2

[Event "*** SCC Grand Prix: Titled Tuesday Blitz"]
[Site "Chess.com"]
[Date "2020.09.29"]
[Round "3"]
[White "TimKett"]
[Black "kreonx"]
[Result "1-0"]
[WhiteElo "2167"]
[BlackElo "2350"]
[TimeControl "180+1"]
[EndTime "10:28:44 PDT"]
[Termination "TimKett won by resignation"]

1. e4 c6 2. d4 d5 3. e5 c5 4. dxc5 Nc6 5. a3 e6 6. b4 Nxe5 7. Bb2 Nc6 8. Nf3 Nf6 9. Bd3 Be7 10. O-O O-O 11. Nbd2 a5 12. Rb1 axb4 13. axb4 Qc7 14.
Re1 b6 15. b5 Na5 16. c6 Bd6 17. Ne5 Ne8 18. Qh5 h6 19. Ndf3 Nc4 20. Nxc4 dxc4 21. Bxc4 Be7 22. Be5 Bd6 23. Rbd1 Bxe5 24. Nxe5 Nd6 25. Bd3 Ra4 26. Re3 Nf5 27. Bxf5 exf5 28. Nd7 Rd8 29. Re7 g6 30. Qxh6 Bxd7 31. cxd7 Raa8 32.
Rde1 Qxd7 33. Rxd7 Rxd7 34. h4 Rc8 35. h5 Rd6 36. hxg6 Rxg6 37. Qf4 Rxc2 38. Qxf5 Rb2 39.
Re8+ Kg7 40. Qe5+ Rf6 41. Rg8+ Kh7 42. Qxf6 Rb1+ 43. Kh2 Rh1+ 44. Kg3 Rh3+ 45. Kf4 Rf3+ 46. Ke5 Re3+ 47. Kd6 Rd3+ 48. Kc6 Rc3+ 49. Kb7 Rc7+ 50.
Kxb6 Rb7+ 51. Ka6 Ra7+ 52. Kb6 Ra6+ 53. Kc5 Rxf6 54. b6 Kxg8 55. b7 Rf5+ 56. Kc6 Rxf2 57.
b8=Q+ Kg7 58. Qg3+ Kf8 59. Qxf2 1-0